 Dungeon Crawl Stone Soup version 0.26.1-11-gd32895ea62 (webtiles) character file.

Game seed: 17659805797414948082

95 H0rd4k the Insei (level 4, -3/28 HPs)
             Began as an Octopode Transmuter on May 31, 2021.
             Slain by a hobgoblin
             ... wielding a +0 club
             ... led by Robin
              (8 damage)
             ... on level 2 of the Dungeon on June 1, 2021.
             The game lasted 00:02:40 (2204 turns).

H0rd4k the Insei (Octopode Transmuter)              Turns: 2204, Time: 00:02:41

Health: -3/28      AC:  1    Str:  9    XL:     4   Next: 66%
Magic:  7/7        EV: 13    Int: 16    God:
Gold:   109        SH:  0    Dex: 12    Spells: 3/7 levels left

rFire    . . .     SeeInvis .     - Unarmed
rCold    . . .     Faith    .   (no shield)
rNeg     . . .     Spirit   .   (helmet restricted)
rPois    .         Reflect  .   (no amulet)
rElec    .         Harm     .   (no ring)
rCorr    .         Rampage  .   (no ring)
Will     .....                  (no ring)
Stlth    ++........             (no ring)
HPRegen  0.09/turn              (no ring)
MPRegen  0.10/turn              (no ring)
                                (no ring)
                                (no ring)

@: no status effects
A: almost no armour, stealthy swim, amphibious, 8 rings, constrict 8, camouflage
1, gelatinous body 1
a: no special abilities


You were on level 2 of the Dungeon.
You visited 1 branch of the dungeon, and saw 2 of its levels.

You collected 109 gold pieces.

Inventory:

Scrolls
 d - 2 scrolls of teleportation {unknown}
 g - a scroll of amnesia {unknown}
 h - a scroll of blinking {unknown}
 i - 2 scrolls of identify {unknown}
 k - a scroll of remove curse {unknown}
Potions
 a - 2 potions of brilliance {unknown}
 b - a potion of heal wounds {unknown}
 c - a potion of attraction {unknown}
 e - 2 potions of curing {unknown}
 f - a potion of might {unknown}
 j - a potion of flight {unknown}


   Skills:
 + Level 1.1 Fighting
 + Level 2.5 Dodging
 - Level 0.8 Stealth
 + Level 4.0 Unarmed Combat
 * Level 2.3 Spellcasting
 * Level 2.6 Transmutations
 * Level 1.1 Poison Magic


You had 3 spell levels left.
You knew the following spells:

 Your Spells              Type           Power        Failure   Level
a - Beastly Appendage     Tmut           20%          7%          1
b - Spider Form           Tmut/Pois      3%           28%         3

Your spell library contained the following spells:

 Spells                   Type           Power        Failure   Level
 Wereblood                Tmut           10%          11%         2
 Ice Form                 Ice/Tmut       6%           75%         4
 Blade Hands              Tmut           5%           88%         5


Dungeon Overview and Level Annotations

Branches:
Dungeon (2/15)

Altars:
Trog

Annotations:
D:2 exclusion: moth of wrath


Innate Abilities, Weirdness & Mutations

You cannot wear most types of armour.
You are very stealthy in the water. (Stealth+)
You are amphibious.
You can wear up to eight rings at the same time.
You can use your tentacles to constrict eight enemies at once.
Your skin changes colour to match your surroundings (Stealth+).
Your rubbery body absorbs attacks. (AC +1, EV +1)


Message History

A goblin comes into view. It is wielding a +0 dagger.
Robin hits you with a +0 short sword.
You tentacle-slap Robin but do no damage.
Robin is almost dead.
You constrict Robin. Robin throws the goblin at you!
You tentacle-slap Robin.
You kill Robin!
The goblin hits you but does no damage. The goblin hits you with a +0 dagger.
You closely miss the goblin. You grab the goblin. You constrict the goblin.
The goblin hits you with a +0 club. The goblin misses you.
You barely miss the goblin.
The goblin is moderately wounded.
You constrict the goblin.
The hobgoblin hits you but does no damage.
The goblin closely misses you. The goblin hits you with a +0 club.
* * * LOW HITPOINT WARNING * * *
You tentacle-slap the goblin.
You kill the goblin!
The hobgoblin hits you with a +0 club!
You die...

########## #........#
#........##.# .......
.##..........[#
.......#.##........#
.............##)#
...>..........#@#
..............gg### ###
..........>.......##....
...............#....g.#
...............#..###.#
......)........#..##..##
........((.............#
........(.)....##.####.#
..............รท....##
#.


You could see a hobgoblin (strong) and a goblin (strong).

Vanquished Creatures
  Jessica (D:2)
  Robin (D:2)
  An ooze (D:2)
  A worm (D:2)
  A dart slug (D:2)
  2 giant cockroaches (D:2)
  16 goblins
  3 hobgoblins
  4 jackals (D:1)
  6 bats
  5 frilled lizards
  3 kobolds
  6 rats
50 creatures vanquished.

Notes
Turn   | Place    | Note
-------+----------+-------------------------------------------
     0 | D:1      | H0rd4k the Octopode Transmuter began the quest for the Orb.
     0 | D:1      | Reached XP level 1. HP: 13/13 MP: 3/3
   128 | D:1      | Reached XP level 2. HP: 12/18 MP: 5/5
   833 | D:1      | Reached XP level 3. HP: 23/23 MP: 6/6
  1090 | D:1      | Learned a level 3 spell: Spider Form
  1185 | D:2      | Noticed Jessica
  1199 | D:2      | Killed Jessica
  1413 | D:2      | Noticed Robin
  1433 | D:2      | Reached XP level 4. HP: 28/28 MP: 7/7
  1475 | D:2      | Noticed a moth of wrath
  1479 | D:2      | Found a bloodstained altar of Trog.
  1798 | D:2      | Reached skill level 1 in Poison Magic
  2142 | D:2      | Reached skill level 4 in Unarmed Combat
  2201 | D:2      | Killed Robin
  2204 | D:2      | Slain by a hobgoblin

Illustrated notes

Levels and vault maps discovered:
D:1:      kennysheep_arrival_forest, layout_loops_ring, patterned_corridor
D:2:      layout_rooms, tgw_trog, uniq_jessica, uniq_robin

Skill      XL: |  1  2  3  4 |
---------------+-------------+-----
Poison Magic   | 1 |  1.1
Unarmed Combat | 4 |  4.0
Fighting       | |  1.1
Dodging        | |  2.5
Stealth        | |  0.8
Spellcasting   | |  2.3
Transmutations | |  2.6

Action                   |  1- 3 |  4- 6 || total
-------------------------+-------+-------++-------
Melee: Unarmed           |    56 |    57 ||   113
       Tentacles         |     8 |    11 ||    19
       Constrict         |    14 |    15 ||    29
 Stab: Sleeping          |     9 |       ||     9
Armor: Skin              |     8 |     2 ||    10
Dodge: Dodged            |    40 |    25 ||    65
